 Dungeon Crawl Stone Soup version 0.21.0-3-g78d12a8bdd (webtiles) character file.

5782 Malachi the Martial Artist (level 10, -7/76 HPs)
             Began as a Gnoll Transmuter on Jan 11, 2018.
             Was a Follower of Dithmenos.
             Mangled by a two-headed ogre
             ... wielding a +1 dire flail of holy wrath
              (22 damage)
             ... on level 10 of the Dungeon.
             The game lasted 00:28:17 (10386 turns).

Malachi the Martial Artist (Gnoll Transmuter)      Turns: 10386, Time: 00:28:17

Health: -7/76      AC: 12    Str: 13    XL:     10   Next: 78%
Magic:  30/30      EV: 17    Int: 18    God:    Dithmenos [*.....]
Gold:   192        SH:  0    Dex: 16    Spells: 16/24 levels left

rFire    . . .     SeeInvis .     - Unarmed
rCold    . . .     Gourm    .   (no shield)
rNeg     . . .     Faith    .   b - +0 robe
rPois    .         Spirit   .   G - +2 helmet
rElec    .         Reflect  .   l - +2 cloak {MR+}
rCorr    .         Harm     .   n - +0 pair of gloves
MR       +....                  J - +1 pair of boots
Stlth    +++++.....             (no amulet)
HPRegen  0.22/turn              g - ring of stealth
MPRegen  0.22/turn              q - ring of magical power

@: slowed, wreathed by umbra, very slow
A: distributed training, fangs 1, strong nose
a: Renounce Religion


You were on level 10 of the Dungeon.
You worshipped Dithmenos.
Dithmenos was aware of your devotion.
You were not hungry.

You visited 2 branches of the dungeon, and saw 11 of its levels.

You collected 444 gold pieces.
You spent 252 gold pieces at shops.

Inventory:

Missiles
 a - 106 arrows
 w - 74 poisoned needles
Armour
 b - a +0 robe (worn)
 l - a +2 cloak of magic resistance (worn)
 m - a +2 cloak
 n - a +0 pair of gloves (worn)
 s - a +0 pair of boots
 F - a +0 pair of boots
 G - a +2 helmet (worn)
 J - a +1 pair of boots (worn)
Jewellery
 g - a ring of stealth (left hand)
 q - a ring of magical power (right hand)
 L - an uncursed ring of protection from fire {unknown}
Wands
 t - a wand of scattershot (6)
 u - a wand of random effects (43)
 v - a wand of paralysis (14)
 B - a wand of iceblast (8)
 H - a wand of polymorph (12)
Scrolls
 h - a scroll of magic mapping
 i - 2 scrolls of fear
 j - 10 scrolls of identify
 k - 4 scrolls of remove curse
 r - a scroll of enchant weapon
 x - 2 scrolls of enchant armour {unknown}
 y - a scroll of fog
 z - a scroll of torment {unknown}
 A - a scroll of blinking
 D - 3 scrolls of amnesia {unknown}
 E - 2 scrolls of immolation {unknown}
 M - 2 scrolls of teleportation {unknown}
Potions
 e - 5 potions of curing
 f - a potion of mutation {unknown}
 o - 2 potions of lignification
 K - a potion of berserk rage {unknown}
 O - a potion of ambrosia {unknown}
 P - a potion of flight {unknown}
Books
 c - a book of Changes

   Spells                             Type                      Level
   a - Beastly Appendage              Transmutation                1
   b - Sticks to Snakes               Transmutation                2
   c - Spider Form                    Transmutation/Poison         3
   d - Ice Form                       Ice/Transmutation            4
   e - Blade Hands                    Transmutation                5
 p - a book of Geomancy

   Spells                             Type                      Level
   a - Sandblast                      Earth                        1
   b - Passwall                       Transmutation/Earth          2
   c - Stone Arrow                    Conjuration/Earth            3
   d - Petrify                        Transmutation/Earth          4
   e - Lee's Rapid Deconstruction     Earth                        5
 C - a book of Cantrips

   Spells                             Type                      Level
   a - Confusing Touch                Hexes                        1
   b - Animate Skeleton               Necromancy                   1
   c - Summon Small Mammal            Summoning                    1
   d - Apportation                    Translocation                1
 I - a book of Power

   Spells                             Type                      Level
   a - Iskenderun's Battlesphere      Conjuration/Charms           5
   b - Venom Bolt                     Conjuration/Poison           5
   c - Bolt of Magma                  Conjuration/Fire/Earth       5
   d - Iron Shot                      Conjuration/Earth            6
   e - Orb of Destruction             Conjuration                  7
   f - Spellforged Servitor           Conjuration/Summoning        7
Comestibles
 d - 13 rations


   Skills:
 + Level 6.1 Fighting
 + Level 5.5 Short Blades
 + Level 5.5 Long Blades
 + Level 5.5 Axes
 + Level 5.5 Maces & Flails
 + Level 5.5 Polearms
 + Level 5.5 Staves
 + Level 5.5 Slings
 + Level 5.5 Bows
 + Level 5.5 Crossbows
 + Level 5.5 Throwing
 + Level 5.5 Armour
 + Level 7.2 Dodging
 + Level 5.5 Stealth
 + Level 5.5 Shields
 + Level 8.6 Unarmed Combat
 + Level 7.5 Spellcasting
 + Level 4.5 Conjurations
 + Level 4.5 Hexes
 + Level 4.5 Charms
 + Level 4.5 Summonings
 + Level 4.5 Necromancy
 + Level 4.5 Translocations
 + Level 6.0 Transmutations
 + Level 4.5 Fire Magic
 + Level 4.5 Ice Magic
 + Level 4.5 Air Magic
 + Level 4.5 Earth Magic
 + Level 4.5 Poison Magic
 + Level 6.0 Invocations
 + Level 5.5 Evocations


You had 16 spell levels left.
You knew the following spells:

 Your Spells              Type           Power        Failure   Level  Hunger
a - Beastly Appendage     Tmut           ####..       1%          1    None
b - Spider Form           Tmut/Pois      ####......   3%          3    #......
c - Ice Form              Ice/Tmut       ####....     12%         4    ###....


Dungeon Overview and Level Annotations

Branches:
Dungeon (10/15)            Temple (1/1) D:6
   Lair: D:8-11         Orc: D:9-12

Altars:
Ashenzari
Cheibriados
Dithmenos
Elyvilon
Fedhas
Gozag
Hepliaklqana
Kikubaaqudgha
Makhleb
Nemelex Xobeh
Okawaru
Qazlal
Ru
Sif Muna
Trog
Uskayaw
Vehumet
Wu Jian
Xom
Yredelemnul
Zin
The Shining One

Shops:
D:4 (   D:5 [   D:8 %   D:9 (

Annotations:
D:3 2 transporters


Innate Abilities, Weirdness & Mutations

Your experience applies equally to all skills.
You have very sharp teeth.
Your uncanny sense of smell can sniff out nearby items.


Message History

You hit the two-headed ogre.
The two-headed ogre looks as sick as possible!
The two-headed ogre is severely wounded.
Your transformation has ended.
Your +2 cloak of magic resistance unmelds from your body.
Your +2 helmet unmelds from your body.
Your +0 pair of gloves unmelds from your body.
Your +1 pair of boots unmelds from your body.
Your +0 robe unmelds from your body.
You feel resistant to hostile enchantments.
The wraith barely misses you.
The two-headed ogre hits you with a dire flail of holy wrath!
The two-headed ogre hits you with a giant club!!
* * * LOW HITPOINT WARNING * * *
The wraith completely misses you.
You are too injured to fight recklessly!
Unknown command.
You are too injured to fight recklessly!
The two-headed ogre hits you with a dire flail of holy wrath!!
You die...

#..(# #[ #...# #. #...#
#. #...# #.
...#####################.
..!......................
.......<.............(...
...................).....
.......O@................
.......W....†............
.........................
.........................
...........(.............
#######################..
#.. #..


You could see a two-headed ogre and a wraith.

Vanquished Creatures
  A two-headed ogre (D:9)
  The ghost of ldierk the Cleaver, a novice HOFi of Beogh (D:8)
  2 trolls
  Eustachio (D:4)
  A vampire (D:9)
  4 yaks (D:9)
  Grum (D:8)
  A hungry ghost (D:8)
  Menkaure (D:4)
  Edmund (D:6)
  Duvessa (D:4)
  An orc warrior (D:8)
  3 phantoms
  A sky beast (D:7)
  2 ogres
  An ice beast (D:7)
  2 wolves (D:8)
  3 centaurs
  A big kobold (D:7)
  6 bullfrogs
  Dowan (D:4)
  A scorpion (D:6)
  3 crimson imps
  3 howler monkeys
  Crazy Yiuf (D:2)
  A hound (D:7)
  A gnoll shaman (D:7)
  3 orc priests
  A bullfrog skeleton (D:8)
  An iguana (D:7)
  Jessica (D:2)
  Ijyb (D:5)
  Natasha (thrice) (D:2)
  2 orc wizards
  4 worker ants
  A hound skeleton (D:5)
  A howler monkey zombie (D:5)
  9 gnolls
  9 adders
  2 adder zombies
  2 worms (D:2)
  A dart slug (D:1)
  5 leopard geckos
  13 orcs
  5 ball pythons
  10 bats
  5 giant cockroaches
  8 hobgoblins
  8 jackals
  10 kobolds
  3 quokkas
  5 frilled lizards
  5 goblins
  8 rats
172 creatures vanquished.

Notes
Turn   | Place    | Note
-------+----------+-------------------------------------------
     0 | D:1      | Malachi the Gnoll Transmuter began the quest for the Orb.
     0 | D:1      | Reached XP level 1. HP: 17/17 MP: 6/6
   108 | D:1      | Reached XP level 2. HP: 23/23 MP: 7/7
   636 | D:1      | Reached XP level 3. HP: 21/28 MP: 7/9
   641 | D:1      | Learned a level 3 spell: Spider Form
   702 | D:1      | Reached skill level 5 in Spellcasting
   791 | D:2      | Noticed Jessica
   800 | D:2      | Killed Jessica
   800 | D:2      | Reached skill level 1 in Short Blades
   800 | D:2      | Reached skill level 1 in Long Blades
   800 | D:2      | Reached skill level 1 in Axes
   800 | D:2      | Reached skill level 1 in Maces & Flails
   800 | D:2      | Reached skill level 1 in Polearms
   800 | D:2      | Reached skill level 1 in Staves
   800 | D:2      | Reached skill level 1 in Slings
   800 | D:2      | Reached skill level 1 in Bows
   800 | D:2      | Reached skill level 1 in Crossbows
   800 | D:2      | Reached skill level 1 in Throwing
   800 | D:2      | Reached skill level 1 in Armour
   800 | D:2      | Reached skill level 1 in Stealth
   800 | D:2      | Reached skill level 1 in Shields
   800 | D:2      | Reached skill level 1 in Invocations
   800 | D:2      | Reached skill level 1 in Evocations
   830 | D:2      | Reached XP level 4. HP: 32/34 MP: 7/11
   838 | D:2      | Noticed Natasha
   844 | D:2      | Killed Natasha
   886 | D:2      | Found a stormy altar of Qazlal.
  1095 | D:2      | Reached skill level 1 in Conjurations
  1095 | D:2      | Reached skill level 1 in Hexes
  1095 | D:2      | Reached skill level 1 in Charms
  1095 | D:2      | Reached skill level 1 in Summonings
  1095 | D:2      | Reached skill level 1 in Necromancy
  1095 | D:2      | Reached skill level 1 in Translocations
  1095 | D:2      | Reached skill level 1 in Fire Magic
  1095 | D:2      | Reached skill level 1 in Ice Magic
  1095 | D:2      | Reached skill level 1 in Air Magic
  1095 | D:2      | Reached skill level 1 in Earth Magic
  1095 | D:2      | Reached skill level 1 in Poison Magic
  1552 | D:2      | Found a runed door.
  1556 | D:2      | Noticed Crazy Yiuf
  1562 | D:2      | Killed Crazy Yiuf
  1562 | D:2      | Reached XP level 5. HP: 40/40 MP: 2/12
  1662 | D:2      | Noticed Natasha
  1670 | D:2      | Killed Natasha
  1784 | D:2      | Noticed Natasha
  1809 | D:2      | Killed Natasha
  1881 | D:3      | Found a faded altar of an unknown god.
  2068 | D:3      | Found a transporter.
  2068 | D:3      | Found a transporter.
  2068 | D:3      | Noticed a centaur
  2076 | D:3      | Noticed an orc warrior
  2076 | D:3      | Noticed a centaur
  2080 | D:3      | Found a hazy altar of Hepliaklqana.
  2143 | D:3      | Reached XP level 6. HP: 47/47 MP: 9/13
  3142 | D:4      | Noticed Dowan
  3143 | D:4      | Noticed Duvessa
  3143 | D:4      | Noticed Eustachio
  3154 | D:4      | Killed Duvessa
  3154 | D:4      | Reached skill level 5 in Dodging
  3404 | D:4      | Killed Eustachio
  3404 | D:4      | Reached XP level 7. HP: 32/52 MP: 15/15
  3637 | D:4      | Killed Dowan
  3637 | D:4      | Reached skill level 7 in Unarmed Combat
  3848 | D:4      | Noticed Menkaure
  3856 | D:4      | Killed Menkaure
  4031 | D:4      | Found Deakorur's Weapon Boutique.
  4061 | D:4      | Found a bloodstained altar of Trog.
  4065 | D:4      | Found a shimmering altar of Xom.
  4070 | D:4      | Found a snail-covered altar of Cheibriados.
  4105 | D:5      | Entered Level 5 of the Dungeon
  4155 | D:5      | Reached XP level 8. HP: 30/60 MP: 12/16
  4705 | D:5      | Noticed Ijyb
  4719 | D:5      | Killed Ijyb
  4866 | D:5      | Found Muweutru's Armour Shop.
  4871 | D:5      | Bought a +0 pair of boots for 54 gold pieces
  4871 | D:5      | Bought a +2 helmet for 198 gold pieces
  5236 | D:6      | Found a staircase to the Ecumenical Temple.
  5371 | D:6      | Noticed Edmund
  5387 | D:6      | Killed Edmund
  5390 | D:6      | HP: 3/60 [poisoned by Edmund]
  5806 | Temple   | Entered the Ecumenical Temple
  6026 | Temple   | Became a worshipper of Dithmenos the Shadowed
  6153 | D:7      | HP: 2/60 [gnoll/halberd (9)]
  6939 | D:7      | Reached XP level 9. HP: 46/66 MP: 18/18
  7012 | D:7      | Reached skill level 5 in Transmutations
  7102 | D:7      | Found a shattered altar of Ashenzari.
  7448 | D:7      | Learned a level 4 spell: Ice Form
  7595 | D:8      | Found Setir's Food Shoppe.
  7824 | D:8      | Noticed ldierk's ghost (novice HOFi)
  7837 | D:8      | Killed ldierk's ghost
  7837 | D:8      | Reached skill level 5 in Fighting
  7837 | D:8      | Reached skill level 8 in Unarmed Combat
  7919 | D:8      | Noticed a troll
  8145 | D:7      | Killed a troll
  8145 | D:7      | Reached skill level 5 in Invocations
  8617 | D:8      | Reached XP level 10. HP: 74/74 MP: 20/20
  8722 | D:8      | Reached * piety under Dithmenos
  8787 | D:8      | Noticed Grum
  8792 | D:8      | Killed Grum
  8959 | D:9      | Reached skill level 5 in Short Blades
  8959 | D:9      | Reached skill level 5 in Long Blades
  8959 | D:9      | Reached skill level 5 in Axes
  8959 | D:9      | Reached skill level 5 in Maces & Flails
  8959 | D:9      | Reached skill level 5 in Polearms
  8959 | D:9      | Reached skill level 5 in Staves
  8959 | D:9      | Reached skill level 5 in Slings
  8959 | D:9      | Reached skill level 5 in Bows
  8959 | D:9      | Reached skill level 5 in Crossbows
  8959 | D:9      | Reached skill level 5 in Throwing
  8959 | D:9      | Reached skill level 5 in Armour
  8959 | D:9      | Reached skill level 5 in Stealth
  8959 | D:9      | Reached skill level 5 in Shields
  8959 | D:9      | Reached skill level 5 in Evocations
  9038 | D:9      | Found an ancient bone altar of Kikubaaqudgha.
  9197 | D:9      | Found Jinenise's Antique Weapon Shop.
  9588 | D:9      | Noticed a two-headed ogre
  9594 | D:9      | Killed a two-headed ogre
 10156 | D:10     | Entered Level 10 of the Dungeon
 10370 | D:10     | Noticed a two-headed ogre
 10386 | D:10     | Mangled by a two-headed ogre

Skill      XL: |  1  2  3  4  5  6  7  8  9 10 |
---------------+-------------------------------+-----
Spellcasting   | 5 6 7 |  7.5
Short Blades   | 1 2 3 4 5 |  5.5
Long Blades    | 1 2 3 4 5 |  5.5
Axes           | 1 2 3 4 5 |  5.5
Maces & Flails | 1 2 3 4 5 |  5.5
Polearms       | 1 2 3 4 5 |  5.5
Staves         | 1 2 3 4 5 |  5.5
Slings         | 1 2 3 4 5 |  5.5
Bows           | 1 2 3 4 5 |  5.5
Crossbows      | 1 2 3 4 5 |  5.5
Throwing       | 1 2 3 4 5 |  5.5
Armour         | 1 2 3 4 5 |  5.5
Stealth        | 1 2 3 4 5 |  5.5
Shields        | 1 2 3 4 5 |  5.5
Invocations    | 1 2 3 4 5 6 |  6.0
Evocations     | 1 2 3 4 5 |  5.5
Conjurations   | 1 2 3 4 |  4.5
Hexes          | 1 2 3 4 |  4.5
Charms         | 1 2 3 4 |  4.5
Summonings     | 1 2 3 4 |  4.5
Necromancy     | 1 2 3 4 |  4.5
Translocations | 1 2 3 4 |  4.5
Fire Magic     | 1 2 3 4 |  4.5
Ice Magic      | 1 2 3 4 |  4.5
Air Magic      | 1 2 3 4 |  4.5
Earth Magic    | 1 2 3 4 |  4.5
Poison Magic   | 1 2 3 4 |  4.5
Fighting       | 3 4 5 6 |  6.1
Transmutations | 4 5 6 |  6.0
Dodging        | 5 6 7 |  7.2
Unarmed Combat | 7 8 |  8.6

Action                   |  1- 3 |  4- 6 |  7- 9 | 10-12 || total
-------------------------+-------+-------+-------+-------++-------
Melee: Unarmed           |    67 |   132 |   279 |   123 ||   601
       Kick              |     2 |     4 |       |       ||     6
       Headbutt          |     2 |    10 |     7 |       ||    19
       Bite              |     2 |     7 |     4 |       ||    13
       Punch             |     1 |     3 |     1 |       ||     5
 Cast: Beastly Appendage |    11 |    15 |     5 |       ||    31
       Spider Form       |     4 |     7 |    25 |     5 ||    41
       Ice Form          |       |       |     6 |     8 ||    14
  Use: Scroll            |       |     6 |     2 |     1 ||     9
       Potion            |       |     2 |     9 |       ||    11
 Stab: Sleeping          |     7 |     3 |    10 |     9 ||    29
       Distracted        |       |       |       |     1 ||     1
  Eat: Chunk             |       |     7 |    12 |     3 ||    22
       Ration            |       |     1 |     2 |     1 ||     4
Armor: Robe              |    15 |    17 |    29 |       ||    61
       Skin              |     4 |    36 |     3 |     9 ||    52
Dodge: Dodged            |    64 |   112 |   228 |   107 ||   511
